 Dungeon Crawl Stone Soup version 0.22.1-1-ga44c0e56f4 (webtiles) character file.

3195 Masnef the Summoner (level 9, -12/54 HPs)
             Began as a Tengu Summoner on Oct 24, 2018.
             Was a Believer of Sif Muna.
             Splashed by a centaur's acid (13 damage)
             ... on level 9 of the Dungeon on Oct 25, 2018.
             The game lasted 00:31:03 (13088 turns).

Masnef the Summoner (Tengu Summoner)               Turns: 13088, Time: 00:31:05

Health: -12/54     AC:  1    Str:  9    XL:     9   Next: 96%
Magic:  3/20       EV: 15    Int: 18    God:    Sif Muna [**....]
Gold:   364        SH:  2    Dex: 15    Spells: 4/21 levels left

rFire    + . .     SeeInvis .   y - +2 hand axe (venom)
rCold    + . .     Gourm    .   (no shield)
rNeg     . . .     Faith    .   q - +2 robe {rC+}
rPois    .         Spirit   .   (helmet restricted)
rElec    .         Reflect  +   (no cloak)
rCorr    .         Harm     .   p - +0 pair of gloves
MR       .....                  (boots unavailable)
Stlth    ++........             u - +2 amulet of reflection
HPRegen  0.18/turn              s - ring of protection from fire
MPRegen  0.17/turn              (no ring)

@: corroded, divine energy
A: beak, talons 3, able to fly 1
a: Fly, Stop Divine Energy, Renounce Religion


You were on level 9 of the Dungeon.
You worshipped Sif Muna.
Sif Muna was pleased with you.
You were not hungry.

You visited 2 branches of the dungeon, and saw 10 of its levels.

You collected 394 gold pieces.
You spent 30 gold pieces at shops.

Inventory:

Hand Weapons
 b - a +2 short sword of draining
 d - a +0 mace
 y - a +2 hand axe of venom (weapon)
Armour
 a - a +0 robe
 p - a +0 pair of gloves (worn)
 q - a +2 robe of cold resistance (worn)
Jewellery
 e - an uncursed amulet of the gourmand
 s - a ring of protection from fire (left hand)
 u - a +2 amulet of reflection (around neck)
 E - an uncursed ring of ice {unknown}
Wands
 j - a wand of random effects (69)
 D - a wand of clouds (7)
Scrolls
 h - 5 scrolls of remove curse {unknown}
 k - 4 scrolls of identify
 m - 5 scrolls of teleportation
 r - 2 scrolls of enchant armour {unknown}
 v - 2 scrolls of amnesia {unknown}
 x - a scroll of noise {unknown}
 z - a scroll of magic mapping {unknown}
 A - a scroll of immolation {unknown}
Potions
 f - 3 potions of agility
 g - 2 potions of brilliance
 i - 2 potions of degeneration {unknown}
 l - 2 potions of might
 n - 2 potions of curing
 o - a potion of cancellation {unknown}
 t - 2 potions of mutation {unknown}
 w - 3 potions of berserk rage
 B - a potion of invisibility {unknown}
 C - 2 potions of magic {unknown}
 F - a potion of heal wounds {unknown}
Comestibles
 c - 14 rations
 G - 7 chunks of flesh


   Skills:
 * Level 5.3 Fighting
 + Level 5.1 Dodging
 - Level 2.0 Stealth
 + Level 6.9 Spellcasting
 + Level 9.9 Summonings
 * Level 3.9 Ice Magic
 - Level 4.0 Air Magic


You had 4 spell levels left.
You knew the following spells:

 Your Spells              Type           Power        Failure   Level  Hunger
a - Summon Small Mammal   Summ           ####         1%          1    None
b - Call Imp              Summ           #####...     1%          2    None
c - Call Canine Familiar  Summ           #####...     1%          3    ##.....
d - Summon Guardian Gole  Hex/Summ       ###.....     4%          3    ##.....
e - Summon Ice Beast      Ice/Summ       ####....     6%          4    ####...
f - Summon Lightning Spi  Summ/Air       ####....     6%          4    ####...

Your spell library contained the following spells:

 Spells                   Type           Power        Failure   Level  Hunger


Dungeon Overview and Level Annotations

Branches:
Dungeon (9/15)             Temple (1/1) D:7
   Lair: D:8-11         Orc: D:9-12

Altars:
Ashenzari
Fedhas
Kikubaaqudgha
Makhleb
Nemelex Xobeh
Qazlal
Sif Muna
Wu Jian
Xom
The Shining One

Shops:
D:4 *

Annotations:
D:6 2 transporters


Innate Abilities, Weirdness & Mutations

You have a beak for a mouth.
You have claws for feet.
You can fly.


Message History

Your ice beast hits the centaur but does no damage.
The centaur shoots an arrow.
The arrow hits your ice beast.
You hear a shout!
The centaur unwields an uncursed shortbow.
The centaur hits your ice beast!
Your ice beast dies!
Your ice beast barely misses the centaur.
The centaur wields an uncursed shortbow.
The centaur shoots an arrow.
The arrow hits you!
Casting: Summon Ice Beast (safe; 6% risk of failure)
Confirm with . or Enter, or press ? or * to list all spells.
Aiming: Summon Lightning Spire (safe; 6% risk of failure)
Press: ? - help, Dir - move target cursor An electric hum fills the air.
The centaur zaps a wand.
The bolt of acid hits your lightning spire.
Your lightning spire is splashed with acid.
The bolt of acid hits you!
* * * LOW HITPOINT WARNING * * *
The acid corrodes you!
You are splashed with acid!
The acid burns!
You die...

#?...#......##...###.
#....#..........<#>..
#....#...........#...
#....#...........#...
....#...........#... #
#..###....##Y..##..
....####..###....##Y)8##..
......)....#.....#...)#...
.........@('.....#.)(.#..(
......>....#.....#(.(.#...
.........8.#.....#...('...
..##..###(Y########...###.
# ### #c.# ##### ## ....
#..... #..... #.....


You could see a centaur, a friendly ice beast and a friendly lightning spire.

Vanquished Creatures
  A water moccasin (D:5)
  A sky beast (D:9)
  4 ogres
  4 centaurs
  2 bullfrogs
  2 scorpions
  2 killer bees (D:7)
  3 crimson imps
  8 orc wizards
  2 hounds
  A bullfrog skeleton (D:5)
  2 worker ants
  A hound zombie (D:8)
  A hound skeleton (D:4)
  A howler monkey skeleton (D:8)
  3 adders
  4 adder skeletons
  3 worms
  2 dart slugs
  3 leopard geckos
  16 orcs
  3 ball pythons
  4 giant cockroaches
  4 goblins
  3 hobgoblins
  8 jackals
  6 kobolds
  3 quokkas
  9 bats
  3 frilled lizards
  A quokka zombie (D:5)
  6 rats
116 creatures vanquished.

Vanquished Creatures (collateral kills)
  A two-headed ogre (D:8)
  Sigmund (D:4)
  A hungry ghost (D:7)
  Menkaure (D:4)
  A sky beast (D:6)
  An ice beast (D:8)
  4 ogres
  A phantom (D:7)
  A big kobold (D:8)
  A bullfrog (D:6)
  6 killer bees
  A howler monkey (D:9)
  A quasit (D:9)
  A hound (D:4)
  2 orc priests (D:6)
  6 orc wizards
  An iguana (D:7)
  A worker ant (D:9)
  A hound skeleton (D:9)
  5 adders
  A shadow imp (D:9)
  An adder skeleton (D:4)
  2 worms
  2 leopard geckos
  13 orcs
  A hobgoblin (D:1)
  3 jackals (D:2)
  A quokka (D:3)
  2 frilled lizards (D:4)
  2 kobolds (D:8)
66 creatures vanquished.

Vanquished Creatures (others)
  An orc warrior (D:5)
1 creature vanquished.

Grand Total: 183 creatures vanquished

Notes
Turn   | Place    | Note
-------+----------+-------------------------------------------
     0 | D:1      | Masnef the Tengu Summoner began the quest for the Orb.
     0 | D:1      | Reached XP level 1. HP: 10/10 MP: 4/4
   104 | D:1      | Reached skill level 5 in Summonings
   446 | D:1      | Reached XP level 2. HP: 16/16 MP: 6/6
   462 | D:1      | Learned a level 2 spell: Call Imp
   844 | D:1      | Reached skill level 1 in Fighting
   913 | D:2      | Found a shimmering altar of Xom.
   982 | D:2      | Reached XP level 3. HP: 14/20 MP: 7/7
  1184 | D:2      | Found a stormy altar of Qazlal.
  1427 | D:2      | Noticed Sigmund
  1434 | D:2      | Learned a level 3 spell: Call Canine Familiar
  2745 | D:3      | Found a sparkling altar of Nemelex Xobeh.
  3038 | D:3      | Reached skill level 6 in Summonings
  3038 | D:3      | Reached XP level 4. HP: 15/25 MP: 4/8
  3196 | D:3      | Found a blossoming altar of Fedhas.
  3429 | D:3      | Found a shimmering altar of Xom.
  3429 | D:3      | Found a shimmering altar of Xom.
  3664 | D:3      | Found a shimmering altar of Xom.
  3665 | D:3      | Found a shimmering altar of Xom.
  3665 | D:3      | Found a shimmering altar of Xom.
  4621 | D:4      | Noticed Menkaure
  4891 | D:4      | Gained mutation: You can fly. [Tengu growth]
  4891 | D:4      | Reached XP level 5. HP: 25/30 MP: 9/9
  4940 | D:4      | Killed Menkaure
  5302 | D:4      | Reached XP level 6. HP: 7/36 MP: 4/11
  5588 | D:4      | Killed Sigmund
  5711 | D:4      | Reached skill level 7 in Summonings
  5722 | D:4      | Found Mur Dyhe's General Store.
  5942 | D:3      | Learned a level 3 spell: Summon Guardian Golem
  6049 | D:4      | Bought a scroll of teleportation for 30 gold pieces
  6525 | D:5      | Entered Level 5 of the Dungeon
  6614 | D:5      | Reached XP level 7. HP: 40/40 MP: 13/13
  7927 | D:5      | Learned a level 4 spell: Summon Ice Beast
  8955 | D:6      | Reached XP level 8. HP: 47/47 MP: 7/16
  8968 | D:6      | Reached skill level 8 in Summonings
  8968 | D:6      | Reached skill level 1 in Ice Magic
  9017 | D:6      | Found a transporter.
  9023 | D:6      | Found a transporter.
  9027 | D:6      | Noticed a manticore
  9033 | D:6      | Found a shattered altar of Ashenzari.
  9511 | D:6      | Reached skill level 5 in Spellcasting
 10727 | D:7      | Found a staircase to the Ecumenical Temple.
 10742 | Temple   | Entered the Ecumenical Temple
 10758 | Temple   | Became a worshipper of Sif Muna the Loreminder
 10833 | D:7      | Reached skill level 9 in Summonings
 10883 | D:7      | Reached XP level 9. HP: 52/52 MP: 17/19
 10920 | D:7      | Learned a level 4 spell: Summon Lightning Spire
 11103 | D:7      | Reached skill level 1 in Air Magic
 12015 | D:8      | Reached * piety under Sif Muna
 12255 | D:8      | Noticed a two-headed ogre
 12285 | D:8      | Killed a two-headed ogre
 12285 | D:8      | Reached skill level 5 in Fighting
 12959 | D:9      | Reached skill level 5 in Dodging
 13023 | D:9      | Reached ** piety under Sif Muna
 13088 | D:9      | HP: 1/54 [centaur/wand of acid (1) (22)]
 13088 | D:9      | Splashed by a centaur's acid

Skill      XL: |  1  2  3  4  5  6  7  8  9 |
---------------+----------------------------+-----
Summonings     | 5 6 7 9 |  9.9
Fighting       | 1 2 3 4 5 |  5.3
Dodging        | 3 4 5 |  5.1
Spellcasting   | 3 4 6 |  6.9
Ice Magic      | 2 3 |  3.9
Air Magic      | 4 |  4.0
Stealth        | |  2.0

Action                   |  1- 3 |  4- 6 |  7- 9 || total
-------------------------+-------+-------+-------++-------
Melee: Short sword       |    83 |    70 |    39 ||   192
       Kick              |     6 |     7 |    57 ||    70
       Peck              |    13 |     2 |    35 ||    50
       Hand axe          |       |       |   180 ||   180
 Cast: Summon Small Mamm |     2 |       |       ||     2
       Call Imp          |    13 |    19 |    32 ||    64
       Call Canine Famil |     1 |    11 |    25 ||    37
       Summon Guardian G |       |       |     3 ||     3
       Summon Ice Beast  |       |       |    13 ||    13
       Summon Lightning  |       |       |     5 ||     5
Invok: Divine Energy     |       |       |     1 ||     1
 Abil: Fly               |       |     1 |     1 ||     2
  Use: Scroll            |     7 |     1 |       ||     8
 Stab: Sleeping          |     6 |     2 |     8 ||    16
       Distracted        |       |     2 |     1 ||     3
  Eat: Chunk             |     2 |    26 |    23 ||    51
       Ration            |     2 |       |       ||     2
Armor: Robe              |    17 |    19 |    69 ||   105
Dodge: Dodged            |    71 |    49 |   195 ||   315
Block: Other             |       |       |     5 ||     5
